 Dungeon Crawl Stone Soup version 0.24.1-8-ga250c9d538 (webtiles) character file.

Game seed: 5573377482752075974, levelgen mode: deterministic

53 Amplified the Digger (level 3, -7/28 HPs)
             Began as a Demigod Earth Elementalist on Apr 27, 2020.
             Shot with an arrow by a centaur (11 damage)
             ... on level 2 of the Dungeon.
             The game lasted 00:03:18 (1605 turns).

Amplified the Digger (Demigod Earth Elementalist)   Turns: 1605, Time: 00:03:19

Health: -7/28      AC:  5    Str: 12 (13) XL:     3   Next: 42%
Magic:  8/8        EV: 12    Int: 16 (19) God:
Gold:   95         SH:  0    Dex: 14 (16) Spells: 5/6 levels left

rFire    . . .     SeeInvis .   a - +1 mace (curse)
rCold    . . .     Gourm    .   (no shield)
rNeg     . . .     Faith    .   c - +0 robe
rPois    +         Spirit   .   (helmet restricted)
rElec    .         Reflect  .   (no cloak)
rCorr    .         Harm     .   f - +0 pair of gloves
MR       .....                  (no boots)
Stlth    ++........             (no amulet)
HPRegen  0.09/turn              (no ring)
MPRegen  0.11/turn              (no ring)

@: no status effects
A: antennae 1, slimy green scales 1, high mp 1, poison resistance
a: no special abilities


You were on level 2 of the Dungeon.
You were not hungry.

You visited 1 branch of the dungeon, and saw 2 of its levels.

You collected 95 gold pieces.

Inventory:

Hand Weapons
 a - a cursed +1 mace (weapon)
Missiles
 b - 114 stones (quivered)
Armour
 c - a +0 robe (worn)
 f - a +0 pair of gloves (worn)
Scrolls
 l - 2 scrolls of teleportation
Potions
 e - a potion of agility {unknown}
 h - a potion of mutation
 i - a potion of heal wounds {unknown}
 j - a potion of curing {unknown}
 k - a potion of invisibility {unknown}
Comestibles
 d - 5 rations
 g - 4 chunks of flesh


   Skills:
 * Level 1.1 Fighting
 * Level 0.4 Maces & Flails
 * Level 1.0 Armour
 * Level 2.2 Dodging
 - Level 1.7 Stealth
 * Level 2.1 Spellcasting
   Level 0.8 Transmutations
 * Level 3.0 Earth Magic


You had 5 spell levels left.
You knew the following spells:

 Your Spells              Type           Power        Failure   Level  Hunger
a - Sandblast             Erth           ##....       6%          1    #......

Your spell library contained the following spells:

 Spells                   Type           Power        Failure   Level  Hunger
 Passwall                 Tmut/Erth      #.......     14%         2    ###....
 Stone Arrow              Conj/Erth      #.....       32%         3    ###....
 Petrify                  Tmut/Erth      #.......     65%         4    #####..
 Lee's Rapid Deconstruct  Erth           ##........   85%         5    ######.


Dungeon Overview and Level Annotations

Branches:
Dungeon (2/15)


Innate Abilities, Weirdness & Mutations

You have an increased reservoir of magic. (+10% MP)
You have a pair of small antennae on your head.
You are partially covered in slimy green scales. (AC +2)
Your system is resistant to poisons. (rPois)


Message History

A giant cockroach is nearby!
The giant cockroach bites you but does no damage.
You hit the giant cockroach.
The giant cockroach is severely wounded.
The giant cockroach misses you.
The giant cockroach completely misses you.
The centaur shouts!
You hit the giant cockroach but do no damage.
The giant cockroach is severely wounded.
The centaur wields a +0 shortbow.
The centaur shoots an arrow.
The arrow misses you.
The giant cockroach closely misses you. x2
You hit the giant cockroach.
You kill the giant cockroach!
The centaur shoots an arrow.
The arrow hits you.
The centaur shoots an arrow.
The arrow barely misses you.
The centaur shoots an arrow.
The arrow hits you!
Ouch! That really hurt!
* * * LOW HITPOINT WARNING * * *
The centaur shoots an arrow.
The arrow hits you!
You die...

#. # .#
######.###
.........
#########.....#
....c..@.(....#
#########.##.##
#.# #.# #.# #.#
##########.#
#..........#
#.########.#


You could see a centaur.

Vanquished Creatures
  A dart slug (D:2)
  2 leopard geckos (D:2)
  6 giant cockroaches
  3 goblins
  9 hobgoblins
  A jackal (D:1)
  4 kobolds
  2 ball pythons (D:1)
  5 bats
  3 frilled lizards (D:2)
  9 rats
45 creatures vanquished.

Notes
Turn   | Place    | Note
-------+----------+-------------------------------------------
     0 | D:1      | Amplified the Demigod Earth Elementalist began the quest
                  | for the Orb.
     0 | D:1      | Reached XP level 1. HP: 14/14 MP: 5/5
   333 | D:1      | Reached XP level 2. HP: 20/22 MP: 7/7
   415 | D:1      | Gained mutation: You are partially covered in slimy green
                  | scales. (AC +2) [potion of mutation]
   415 | D:1      | Gained mutation: Your system is resistant to poisons.
                  | (rPois) [potion of mutation]
   415 | D:1      | Gained mutation: You have a pair of small antennae on your
                  | head. [potion of mutation]
   438 | D:1      | Reached skill level 3 in Earth Magic
  1012 | D:1      | Reached skill level 1 in Fighting
  1065 | D:1      | Reached XP level 3. HP: 28/28 MP: 8/8
  1352 | D:2      | Noticed a centaur
  1434 | D:2      | Found a hide-covered altar of Uskayaw.
  1476 | D:2      | Reached skill level 1 in Armour
  1605 | D:2      | Shot with an arrow by a centaur

Levels and vault maps discovered:
D:1:      dpeg_arrival_morbid_curiosity, layout_basic, minmay_heptomino_o4
D:2:      layout_loops_ring, eat_drink_and_be_merry_uskayaw,
          gammafunk_temple_overflow_wave

Skill      XL: |  1  2  3 |
---------------+----------+-----
Dodging        | 2 |  2.2
Spellcasting   | 2 |  2.1
Earth Magic    | 3 |  3.0
Fighting       | 1 |  1.1
Armour         | 1 |  1.0
Maces & Flails | |  0.4
Stealth        | |  1.7
Transmutations | |  0.8

Action                   || total
-------------------------++-------
Melee: Mace              ||    87
 Cast: Sandblast         ||    12
  Use: Potion            ||     3
       Scroll            ||     2
 Stab: Sleeping          ||     5
  Eat: Chunk             ||     2
Armor: Robe              ||    44
Dodge: Dodged            ||    75
